 Dungeon Crawl Stone Soup version 0.13-a0-2630-gc2a47ca (webtiles) character file.

189 Rak the Skirmisher (level 4, -3/34 HPs)
             Began as a Demonspawn Abyssal Knight on Aug 5, 2013.
             Was a Believer of Lugonu.
             Killed from afar by Sigmund (6 damage)
             ... with a puff of flame
             ... on Level 2 of the Dungeon.
             The game lasted 00:11:02 (1821 turns).

Rak the Skirmisher (Demonspawn Abyssal Knight)      Turns: 1821, Time: 00:11:02

HP  -3/34        AC  3     Str 13      XL: 4   Next: 33%
MP   5/5         EV 11     Int 13      God: Lugonu [**....]
Gold 98          SH  0     Dex 15      Spells:  0 memorised,  3 levels left

Res.Fire  : . . .   See Invis. : .   a - +2 mace
Res.Cold  : . . .   Warding    : .   b - +0 leather armour
Life Prot.: . . .   Conserve   : .   (no shield)
Res.Poison: .       Res.Corr.  : .   (no helmet)
Res.Elec. : .       Clarity    : .   (no cloak)
Sust.Abil.: . .     Spirit.Shd : .   (no gloves)
Res.Mut.  : .       Stasis     : .   (no boots)
Res.Rott. : .       Flight     : .   (no amulet)
Saprovore : . . .                    (no ring)
                                     (no ring)

@: slightly resistant to hostile enchantments, fairly stealthy
A: powered by death 1, Dex +2
a: Depart the Abyss, Bend Space, Renounce Religion


You were on level 2 of the Dungeon.
You worshipped Lugonu.
Lugonu was most pleased with you.
You were very hungry.

You visited 1 branch of the dungeon, and saw 2 of its levels.
You visited the Abyss 1 time.

You collected 78 gold pieces.

Inventory:

Hand weapons
 a - a +2,+2 mace (weapon)
 f - a +0,+0 short sword
 q - a +0,+0 short sword
Missiles
 h - 2 silver javelins (quivered)
Armour
 b - a +0 leather armour (worn)
 e - a +0 leather armour
 g - a +0 leather armour
 k - a +0 robe
 l - a +0 leather armour
 u - a +0 leather armour
Comestibles
 c - 3 bread rations
 d - a rotting chunk of giant gecko flesh
Scrolls
 i - a scroll of noise {unknown}
 j - 2 scrolls of identify {unknown}
 m - a scroll of curse jewellery {unknown}
 o - a scroll of curse armour {unknown}
 p - a scroll of remove curse {unknown}
 s - a scroll of teleportation {unknown}
Potions
 n - a potion of agility {unknown}
 r - a potion of speed {unknown}
 t - a potion of curing {unknown}


   Skills:
 + Level 3.7 Fighting
 + Level 2.5 Maces & Flails
 + Level 2.2 Armour
 + Level 2.0 Dodging
 + Level 0.2 Stealth
 + Level 2.7 Invocations


You had 3 spell levels left.
You didn't know any spells.

Dungeon Overview and Level Annotations

Branches:
Dungeon (2/27)

Altars:

Annotations
D:2 Sigmund


Innate Abilities, Weirdness & Mutations

You have a somewhat thin skeletal structure (Dex +2, Stlth).
You can steal the life force of nearby defeated enemies.


Message History

You hit the kobold.
You kill the kobold!
Lugonu accepts your kill.
Sigmund shouts!
Press: ? - help, v - describe, . - travel A rock wall.
Sigmund points at you and mumbles some strange words.
The magic dart hits you!
Sigmund points at you and mumbles some strange words.
The puff of flame hits you!
Sigmund screams, "I am the angel of ZOT!!!"
Sigmund casts a spell at you. The magic dart hits you!
Sigmund mumbles some strange words.
Sigmund flickers and vanishes!
Deactivating autopickup; reactivate with Ctrl-A.
The puff of flame hits you!
* * * LOW HITPOINT WARNING * * *
The puff of flame hits you!
You die...

#.# #..# #.#
..... #.#
....... #.#
#...?... #.#
#...... #.#
... #.# #.#
#@# #.# ##.#
# #..# . #.##
. #.#
#######. #.#
#.....r. #.#
#.....@.
#####.#######
#....l..


There were no monsters in sight!

Vanquished Creatures
  Jessica (D:2)
  2 adders (D:2)
  A worm (D:2)
  2 oozes
  4 giant cockroaches
  8 hobgoblins
  2 jackals (D:1)
  4 kobolds
  7 bats
  3 giant geckos (D:2)
  4 giant newts
  5 goblins
  3 rats
46 creatures vanquished.

Notes
Turn   | Place    | Note
--------------------------------------------------------------
     0 | Abyss:1  | Rak, the Demonspawn Abyssal Knight, began the quest for the Orb.
     0 | Abyss:1  | Reached XP level 1. HP: 16/16 MP: 1/1
     1 | D:1      | Escaped the Abyss
   157 | D:1      | Acquired Lugonu's first power
   164 | D:1      | Reached skill level 1 in Dodging
   166 | D:1      | Gained mutation: You have a somewhat thin skeletal structure (Dex +2, Stlth). [demonic ancestry]
   166 | D:1      | Reached XP level 2. HP: 11/22 MP: 2/2
   731 | D:2      | Noticed Jessica
   731 | D:2      | Noticed Sigmund
   853 | D:2      | HP: 1/22 [adder (2)]
   866 | D:2      | Reached XP level 3. HP: 14/28 MP: 4/4
  1100 | D:2      | Killed Jessica
  1203 | D:2      | Gained mutation: You can steal the life force of nearby defeated enemies. [demonic ancestry]
  1203 | D:2      | Reached XP level 4. HP: 10/34 MP: 5/5
  1596 | D:2      | Acquired Lugonu's second power
  1821 | D:2      | Killed from afar by Sigmund

Action                   |  1- 3 |  4- 6 || total
-------------------------+-------+-------++-------
Melee: Mace              |   127 |    34 ||   161
Invok: Depart the Abyss  |     1 |       ||     1
  Use: Potion            |     1 |       ||     1
